Unix NetHack Version 5.0.0-0 post-release - last build May 31 2026 23:59:36 (970b52f25bf058293b47ddfd14a1e40e571c508c,branch:main).

Game began 2026-06-05 02:47:13, ended 2026-06-05 02:54:04.

Kwijibo4686, neutral female human Valkyrie

                    ------#
  -----------       |....|#
  |...(.....|       |....|#     -------
  |.........|      #.....|#     |.....|
  |.........|  #####|....-#     |......####  ------------
  |.........-###    |....|#     |.....|   #  |.......`...
  |.........|       ----.-##    |.....|  ##%#-@.........|
  |..).......        #### ######......|    # |..........|
  -------.---       ###   #     ----.--    # |..........|
         ########   #     #                ##...........|
                # ###     #                  --#---------
                ###       #
               ####       ##
         ------.-------    #
         |............|    ##
         |............|     # ---+----
         |............|     # |......|
         |..._........|     ##...<...|
         --------------       --------

Kwijibo4686 the Skirmisher  St:17 Dx:12 Co:18 In:9 Wi:10 Ch:9  Neutral
Dlvl:4  $:16 HP:0(40) Pw:12(12) AC:6  Xp:4 T:1191  Burdened

Latest messages:
 You destroy the orc zombie!
 You see here an orc corpse.
 You descend the stairs.
 You kill the dwarf!
 There is a dwarf corpse here; eat it? [ynq] (n) y
 This dwarf corpse is stringy.
 You finish eating the dwarf corpse.
 q - a pair of iron shoes.
 You see here a chest.
 $ - 3 gold pieces (16 in total).
 You see here a chest.
 You have a little trouble lifting a chest.  Continue? [ynq] (q) y
 You have a little trouble lifting r - a chest.
 Your movements are slowed slightly because of your load.
 You climb up the stairs.
 A cave spider was hidden under an orc corpse!
 The cave spider bites!
 The cave spider bites!
 You hear someone cursing shoplifters.
 The cave spider bites!
 You miss the cave spider.
 The cave spider bites!
 You miss the cave spider.
 The cave spider bites!
 The cave spider just misses!
 You hit the cave spider!
 The cave spider bites!
 The cave spider bites!
 The cave spider bites!
 You miss the cave spider.
 The cave spider bites!
 The cave spider bites!
 The cave spider misses!
 The cave spider bites!
 You miss the cave spider.
 The cave spider bites!
 You miss the cave spider.
 The cave spider bites!
 The cave spider bites!
 You miss the cave spider.
 The cave spider bites!
 You miss the cave spider.
 The cave spider bites!
 The cave spider bites!
 The cave spider bites!
 The cave spider bites!
 The cave spider bites!
 You fall down the stairs.
 You die...
 Do you want your possessions identified? [ynq] (y) q

Inventory:
 Coins    ('$')
  $ - 16 gold pieces
 Weapons  (')')
  b - a +0 dagger (alternate weapon; not wielded)
  a - a +1 spear (weapon in right hand)
 Armor    ('[')
  k - an uncursed +0 orcish helm
  p - an uncursed +0 pair of iron shoes
  o - a cursed -1 pair of iron shoes
  q - a cursed -2 pair of iron shoes
  c - an uncursed +3 small shield (being worn)
 Comestibles  ('%')
  d - 2 uncursed food rations
  e - an uncursed pancake
  m - an uncursed pear
 Scrolls  ('?')
  l - an uncursed scroll of identify
 Spellbooks  ('+')
  j - an uncursed spellbook of force bolt
 Potions  ('!')
  g - a cursed potion of booze
  f - an uncursed potion of gain ability
 Rings    ('=')
  i - an uncursed ring of stealth
 Tools    ('(')
  r - an empty uncursed locked chest

Kwijibo4686 the Valkyrie's attributes:

Background:
 You were a Skirmisher, a level 4 human Valkyrie.
 You were neutral, on a mission for Odin
 who was opposed by Tyr (lawful) and Loki (chaotic).
 You were right-handed.
 You were in the Dungeons of Doom, on level 4.
 You entered the dungeon 1191 turns ago.
 It was nighttime.
 You had 95 experience points, 65 more were needed to attain level 5.

Basics:
 You had 0 out of 40 hit points.
 You had all 12 energy points (spell power).
 Your armor class was 6.
 Your wallet contained 16 zorkmids.
 Autopickup was on for '$?!/="' plus thrown.

Final Characteristics:
 Your strength was 17 (limit:18/100).
 Your dexterity was 12 (limit:18).
 Your constitution was 18 (limit:18).
 Your intelligence was 9 (limit:18).
 Your wisdom was 10 (limit:18).
 Your charisma was 9 (limit:18).

Final Status:
 You weren't hungry.
 You were burdened; movement was slightly slowed.
 You were wielding a spear.
 You had basic skill with spear.

Final Attributes:
 You were devoutly aligned.
 You were cold resistant.
 You were stealthy.
 You are dead.

Miscellaneous:
 You didn't encounter any bones levels.
 Total elapsed playing time was 6 minutes and 50 seconds.

Major events:
 Turn
    1: Kwijibo4686 the neutral human Valkyrie entered the dungeon
  578: entered the Gnomish Mines
  792: attained the rank of Skirmisher (level 3)
 1191: killed by tumbling down a flight of stairs

You didn't know any spells.

Skills:
 Fighting Skills
   bare handed combat [Unskilled]
   two weapon combat  [Unskilled]
   riding             [Unskilled]
 Weapon Skills
   dagger             [Basic]
   axe                [Unskilled]
   pick-axe           [Unskilled]
   short sword        [Unskilled]
   broadsword         [Unskilled]
   long sword         [Unskilled]
   two-handed sword   [Unskilled]
   saber              [Unskilled]
   hammer             [Unskilled]
   quarterstaff       [Unskilled]
   polearms           [Unskilled]
   spear              [Basic]
   trident            [Unskilled]
   lance              [Unskilled]
   sling              [Unskilled]
 Spellcasting Skills
   attack spells      [Unskilled]
   escape spells      [Unskilled]

Voluntary challenges:
 Character rerolling was not enabled.
 You were illiterate.
 You never genocided any monsters.
 You never polymorphed an object.
 You never changed form.
 You used no wishes.
Achievements:
 You entered the Gnomish Mines.
 You attained the rank of Skirmisher.

 The Dungeons of Doom: levels 1 to 4
    Level 1:
       Some fountains.
    Level 2:
       An altar.
       Stairs down to The Gnomish Mines.
    Level 3:
       An altar.
    Level 4: <- You were here.
       Final resting place for
          you, killed by tumbling down a flight of stairs.
 The Gnomish Mines:
    Level 3:


Vanquished creatures:
  3 dwarves
 an orc zombie
 an iguana
  5 gnomes
  3 jackals
  a fox
  a goblin
  a sewer rat
  a grid bug
  a lichen
  2 newts
20 creatures vanquished.

No species were genocided or became extinct.

Game over:
                       ----------
                      /          \
                     /    REST    \
                    /      IN      \
                   /     PEACE      \
                  /                  \
                  |   Kwijibo4686    |
                  |      16 Au       |
                  |    killed by     |
                  | tumbling down a  |
                  | flight of stairs |
                  |                  |
                  |       2026       |
                 *|     *  *  *      | *
        _________)/\\_//(\/(/\)/\//\/|_)_______

Farvel Kwijibo4686 the Valkyrie...

You died in The Dungeons of Doom on dungeon level 4 with 545 points,
and 16 pieces of gold, after 1191 moves.
You were level 4 with a maximum of 40 hit points when you died.

